 Dungeon Crawl Stone Soup version 0.25.0-9-g26727b657a (webtiles) character file.

Game seed: 5969379871373492583

978 MisterFreud the Cudgeler (level 8, -1/49 HPs)
             Began as a Gargoyle Monk on June 18, 2020.
             Slain by an ice beast (21 damage)
             ... on level 5 of the Dungeon.
             The game lasted 00:07:53 (5259 turns).

MisterFreud the Cudgeler (Gargoyle Monk)            Turns: 5259, Time: 00:07:54

Health: -1/49      AC: 20    Str: 16    XL:     8   Next: 17%
Magic:  8/8        EV:  5    Int: 12    God:
Gold:   255        SH:  0    Dex: 12    Spells: 7/7 levels left

rFire    + . .     SeeInvis .   a - +0 mace
rCold    x . .     Gourm    .   (no shield)
rNeg     + . .     Faith    +   B - +0 plate armour
rPois    ∞         Spirit   .   C - +0 helmet
rElec    +         Reflect  .   (no cloak)
rCorr    .         Harm     .   n - +0 pair of gloves
MR       .....                  (no boots)
Stlth    ..........             F - amulet of faith
HPRegen  0.16/turn              u - ring of fire
MPRegen  0.11/turn              (no ring)

@: no status effects
A: negative energy resistance 1, electricity resistance, unbreathing,
petrification resistance, rot immunity, AC +5
a: no special abilities


You were on level 5 of the Dungeon.
You were not hungry.

You visited 1 branch of the dungeon, and saw 5 of its levels.

You collected 255 gold pieces.

Inventory:

Hand Weapons
 a - a +0 mace (weapon)
 D - a +4 trident
 I - a +1 war axe of draining
Missiles
 o - 6 silver boomerangs (quivered)
 v - 2 boomerangs of dispersal
Armour
 b - a +0 robe
 n - a +0 pair of gloves (worn)
 z - the +2 leather armour of Leapfrog {Int+7}
   (You found it on level 5 of the Dungeon)

   It affects your intelligence (+7).
 B - a +0 plate armour (worn)
 C - a +0 helmet (worn)
Jewellery
 i - an uncursed amulet of the acrobat
 u - a ring of fire (left hand)
 F - an amulet of faith (around neck)
Wands
 y - a wand of flame (25)
 E - a wand of iceblast (8)
 G - a wand of polymorph (9)
Scrolls
 f - 3 scrolls of fear {unknown}
 h - 2 scrolls of immolation {unknown}
 k - 2 scrolls of teleportation {unknown}
 q - 7 scrolls of identify {unknown}
 r - a scroll of fog {unknown}
 s - a scroll of noise {unknown}
 w - a scroll of enchant weapon {unknown}
 x - 2 scrolls of amnesia {unknown}
Potions
 d - a potion of flight {unknown}
 e - 2 potions of berserk rage {unknown}
 g - 3 potions of stabbing {unknown}
 j - 2 potions of degeneration {unknown}
 l - 2 potions of curing
 m - a potion of ambrosia {unknown}
 p - a potion of lignification {unknown}
 t - 2 potions of heal wounds {unknown}
 A - a potion of resistance {unknown}
Comestibles
 c - 13 rations
 H - 5 chunks of flesh


   Skills:
 - Level 5.0 Fighting
 + Level 7.7 Maces & Flails
 - Level 5.0 Armour
 - Level 2.4 Dodging
 - Level 2.1 Stealth


You had 7 spell levels left.
You didn't know any spells.
Your spell library was empty.

Dungeon Overview and Level Annotations

Branches:
Dungeon (5/15)
 Temple: D:4-7

Altars:
Cheibriados
Dithmenos
Nemelex Xobeh
Qazlal
Zin
The Shining One
Beogh

Annotations:
D:3 3 runed translucent doors, dwimo's ghost, novice MiBe


Innate Abilities, Weirdness & Mutations

You are resistant to torment.
Your stone body is resilient. (AC +5)
You are immune to poison.
You resist negative energy. (rN+)
You are resistant to electric shocks. (rElec)
You can survive without breathing.
You are immune to petrification.
You are immune to rotting.


Message History

Press: ? - help, Shift-Dir - straight line, f/p - ice beast
Aim: an ice beast You throw a silver boomerang.
The silver boomerang hits the ice beast.
The ice beast is moderately wounded.
You hit the ice beast but do no damage.
The ice beast is moderately wounded.
The ice beast hits you. The ice beast freezes you!
You feel a terrible chill!
You hit the ice beast.
The ice beast is heavily wounded.
The ice beast hits you but does no damage.
You hit the ice beast but do no damage.
The ice beast is heavily wounded.
The ice beast hits you. The ice beast freezes you!
You feel a terrible chill!
You are too injured to fight recklessly!
You are too injured to fight recklessly!
You hit the ice beast but do no damage.
The ice beast is heavily wounded.
The ice beast hits you. The ice beast freezes you!!
You feel a terrible chill!
You die...

##.## .>## ### # ###
####### .. ......# #
#.#### ..###.##
#..###.!..#
.................#.#
..###.### #Y@..#
.####.# #......#.##
......# ##.....#.#
.######
#######.##### [# #
#......# .# ..
#..###.# .# ...
#..###.# .#####...
#....#.# ###......
#......#


You could see an ice beast.

Vanquished Creatures
  A sky beast (D:5)
  A slave (D:5)
  An ogre (D:5)
  2 centaurs
  A howler monkey (D:5)
  3 crimson imps (D:5)
  An orc wizard (D:5)
  A centaur zombie (D:5)
  4 hounds
  A jelly (D:5)
  4 worker ants
  A hound skeleton (D:5)
  Robin (D:4)
  A howler monkey skeleton (D:5)
  3 adders
  A shadow imp (D:5)
  A worm (D:4)
  4 dart slugs (D:1)
  5 leopard geckos
  9 orcs
  9 bats
  5 giant cockroaches
  13 goblins
  2 hobgoblins
  9 jackals
  3 quokkas
  4 ball pythons
  12 frilled lizards
  5 kobolds
  7 rats
115 creatures vanquished.

Notes
Turn   | Place    | Note
-------+----------+-------------------------------------------
     0 | D:1      | MisterFreud the Gargoyle Monk began the quest for the Orb.
     0 | D:1      | Reached XP level 1. HP: 14/14 MP: 1/1
    83 | D:1      | Reached XP level 2. HP: 20/20 MP: 2/2
   332 | D:1      | Reached XP level 3. HP: 24/24 MP: 3/3
  1217 | D:2      | Found a snail-covered altar of Cheibriados.
  1217 | D:2      | Found a glowing silver altar of Zin.
  1217 | D:2      | Found a shadowy altar of Dithmenos.
  1223 | D:2      | Found a glowing golden altar of the Shining One.
  1254 | D:2      | Reached skill level 5 in Fighting
  1528 | D:2      | Found a stormy altar of Qazlal.
  1884 | D:3      | Reached XP level 4. HP: 31/31 MP: 4/4
  2639 | D:3      | Found a runed translucent gate.
  2640 | D:3      | Found a runed translucent gate.
  2640 | D:3      | Noticed dwimo's ghost (novice MiBe)
  2641 | D:3      | Found a runed translucent gate.
  2647 | D:3      | Found a roughly hewn altar of Beogh.
  3199 | D:4      | Reached skill level 4 in Maces & Flails
  3375 | D:4      | Reached XP level 5. HP: 35/35 MP: 5/5
  3511 | D:4      | Reached skill level 5 in Maces & Flails
  3718 | D:4      | Found a sparkling altar of Nemelex Xobeh.
  3777 | D:4      | Noticed Robin
  3827 | D:4      | Killed Robin
  4008 | D:4      | Reached XP level 6. HP: 38/40 MP: 6/6
  4075 | D:4      | Reached skill level 6 in Maces & Flails
  4075 | D:4      | Reached skill level 1 in Armour
  4246 | D:5      | Entered Level 5 of the Dungeon
  4432 | D:5      | Reached XP level 7. HP: 44/44 MP: 7/7
  4598 | D:5      | Reached skill level 5 in Armour
  4851 | D:5      | Got a faintly glowing leather armour
  4862 | D:5      | Identified the +2 leather armour of Leapfrog {Int+7} (You
                  | found it on level 5 of the Dungeon)
  5025 | D:5      | Reached skill level 7 in Maces & Flails
  5049 | D:5      | Reached XP level 8. HP: 49/49 MP: 8/8
  5259 | D:5      | Slain by an ice beast

Illustrated notes

Levels and vault maps discovered:
D:1:      erik_arrival_triangle_small, layout_loops_ring
D:2:      layout_basic, grunt_temple_overflow_cloverleaf, first_ration,
          grunt_qazlal_sundering
D:3:      layout_loops_ring, biasface_ghost_orc_armoury, grunt_ministairs_4,
          due_unseen_surprise
D:4:      layout_basic, nemelex_diamond_rough_becter, uniq_robin
D:5:      layout_loops_cross, uniq_pikel

Skill      XL: |  1  2  3  4  5  6  7 |
---------------+----------------------+-----
Fighting       | 4 5 |  5.0
Maces & Flails | 4 5 6 7 |  7.7
Armour         | 3 5 |  5.0
Dodging        | |  2.4
Stealth        | |  2.1

Action                   |  1- 3 |  4- 6 |  7- 9 || total
-------------------------+-------+-------+-------++-------
Melee: Mace              |   123 |   266 |   182 ||   571
Throw: Boomerang         |       |       |    10 ||    10
 Stab: Sleeping          |     3 |     5 |       ||     8
  Eat: Chunk             |     2 |    10 |     3 ||    15
Armor: Robe              |    50 |    50 |       ||   100
       Plate armour      |       |   121 |   123 ||   244
       Leather armour    |       |       |    10 ||    10
Dodge: Dodged            |   112 |   131 |    48 ||   291
